Map: Odyssey LE

Players

Snute

  • Race: Zerg Zerg
  • Spawn Location: 5:00

Elazer - Winner!

  • Race: Zerg Zerg
  • Spawn Location: 11:00

Event: WCS Montreal 2017

VOD

Have the link to the VOD?

Description

Time

  • Played on: Sept. 10, 2017, 12:22 p.m.
  • Length: 9:44

All games in this series

Show
View Real Time Build Order
Export as new Build Order

Snute Zerg 

Build Orders: 1 Base Baneling Bust, Pool First 

Get SALT Encoding   

  12  0:00  Drone  
  13  0:11  Extractor  
  12  0:23  Spawning Pool  
  12  0:28  Drone  
  12  0:33  Drone  
  13  0:38  Drone  
  14  0:50  Overlord  
  14  1:10  Zergling x2  
  14  1:11  Metabolic Boost  
  15  1:12  Zergling x2  
  15  1:13  Zergling x2  
  17  1:22  Zergling x2  
  18  1:31  Baneling Nest  
  17  1:33  Zergling x2  
  18  1:43  Zergling x2  
  19  1:51  Queen  
  21  1:55  Zergling x2  
  22  2:05  Overlord  
  22  2:15  Baneling  
  22  2:16  Baneling  
  22  2:24  Zergling x2  
  22  2:28  Baneling  
  23  2:36  Zergling x2  
  24  2:37  Zergling x2  
  23  2:50  Drone  
  19  3:00  Drone  
  19  3:02  Hatchery  
  19  3:05  Drone  
  20  3:11  Drone, Baneling  
  21  3:20  Baneling  
  21  3:21  Drone x2  
  23  3:32  Drone x2  
  23  3:33  Drone x2  
  27  3:41  Zergling x2  
  28  3:50  Zergling x2  
  29  3:59  Baneling  
  29  4:04  Zergling x2  
  29  4:07  Overlord  
  29  4:10  Overlord  
  29  4:14  Queen  
  32  4:17  Drone x3  
  34  4:25  Drone  
  34  4:29  Drone  
  36  4:36  Drone x2  
  36  4:37  Drone  
  39  4:41  Drone x2  
  41  4:46  Drone  
  41  4:51  Lair, Baneling  
  42  4:54  Drone  
  42  4:58  Drone  
  44  5:03  Drone, Evolution Chamber  
  44  5:04  Roach Warren  
  43  5:08  Drone  
  43  5:11  Extractor  
  43  5:13  Drone  
  44  5:19  Drone x2  
  44  5:20  Drone  
  46  5:23  Drone x4  
  46  5:26  Overlord  
  50  5:32  Drone  
  50  5:33  Zerg Missile Weapons Level 1  
  50  5:37  Drone  
  50  5:38  Extractor  
  50  5:48  Drone  
  51  5:53  Drone x2  
  51  5:54  Hatchery  
  51  5:57  Glial Reconstitution  
  52  5:58  Drone  
  52  6:03  Overlord  
  52  6:04  Overlord  
  53  6:05  Roach x2  
  53  6:08  Roach  
  59  6:18  Overlord  
  59  6:19  Overlord  
  59  6:22  Roach  
  61  6:29  Roach x5  
  61  6:30  Roach  
  61  6:32  Roach  
  74  6:39  Roach x2  
  78  6:45  Roach  
  79  6:48  Roach  
  80  6:54  Roach  
  80  6:57  Roach  
  80  6:58  Roach x2  
  87  7:02  Roach  
  87  7:04  Overlord  
  89  7:12  Roach x4  
  89  7:14  Queen  
  93  7:16  Roach  
  93  7:20  Roach  
  93  7:23  Roach  
  91  7:30  Drone x5  
  91  7:35  Extractor, Drone  
  96  7:40  Roach  
  96  7:43  Drone  
  99  7:49  Roach  
  99  7:50  Overlord  
  101  7:54  Roach  
  101  7:55  Roach  
  105  8:03  Overlord x3  
  105  8:07  Overlord  
  105  8:09  Roach x4  
  105  8:11  Ravager  
  114  8:16  Overseer  
  114  8:17  Overlord  
  114  8:20  Extractor  
  114  8:21  Roach  
  114  8:22  Roach x2  
  114  8:23  Roach  
  121  8:28  Roach x2  
  121  8:29  Roach  
  121  8:32  Roach  
  129  8:35  Roach  
  129  8:38  Roach  
  129  8:39  Roach  
  137  8:41  Roach  
  137  8:43  Roach  
  137  8:46  Roach  
  129  9:06  Roach  
  129  9:07  Roach x10  
  129  9:08  Roach  
  119  9:11  Roach x2  
  119  9:13  Roach  
  119  9:16  Roach  
Show
View Real Time Build Order
Export as new Build Order

Elazer Zerg - Winner!

Build Orders: Hatch First 

Get SALT Encoding   

  12  0:00  Drone  
  13  0:12  Overlord  
  13  0:17  Drone  
  14  0:30  Drone x2  
  14  0:34  Drone  
  17  0:50  Hatchery  
  17  0:53  Drone  
  17  0:57  Drone  
  18  1:02  Extractor  
  17  1:12  Spawning Pool  
  17  1:15  Drone  
  18  1:18  Drone  
  18  1:27  Drone  
  19  1:39  Overlord  
  19  1:49  Drone  
  20  1:59  Queen  
  20  2:00  Zergling x2  
  23  2:01  Queen  
  23  2:02  Zergling x2  
  23  2:06  Spine Crawler  
  25  2:10  Zergling x2  
  25  2:14  Metabolic Boost  
  26  2:18  Zergling x2  
  27  2:24  Zergling x2  
  27  2:25  Zergling x2  
  29  2:33  Zergling x2  
  27  2:37  Zergling x2  
  23  2:45  Queen  
  24  2:59  Zergling x6  
  27  3:09  Drone  
  27  3:10  Drone  
  27  3:12  Drone  
  30  3:16  Drone  
  31  3:21  Drone  
  32  3:35  Drone  
  32  3:37  Drone  
  32  3:39  Drone x2  
  34  3:56  Drone x2  
  36  4:05  Overlord  
  36  4:07  Drone, Evolution Chamber  
  36  4:15  Lair  
  36  4:24  Extractor, Drone x6  
  37  4:26  Drone x3  
  44  4:33  Zerg Missile Weapons Level 1  
  44  4:38  Roach Warren  
  43  4:39  Drone  
  43  4:43  Overlord  
  44  4:50  Extractor  
  42  4:55  Overlord  
  42  5:01  Drone  
  42  5:02  Overlord  
  43  5:13  Drone  
  43  5:14  Drone  
  45  5:15  Drone  
  45  5:16  Drone  
  45  5:17  Glial Reconstitution  
  45  5:19  Drone x5  
  45  5:20  Drone  
  52  5:23  Drone  
  52  5:25  Drone  
  54  5:34  Roach x3  
  59  5:38  Overlord  
  59  5:56  Overlord  
  58  5:57  Roach x2  
  58  5:59  Hatchery  
  58  6:00  Roach  
  63  6:04  Roach  
  63  6:05  Roach  
  63  6:09  Overlord  
  67  6:16  Roach  
  67  6:17  Roach x3  
  75  6:26  Overlord  
  75  6:32  Roach x4  
  83  6:33  Zerg Missile Weapons Level 2  
  83  6:37  Evolution Chamber  
  82  6:45  Roach x4  
  90  6:49  Overlord  
  90  6:52  Drone x2  
  92  6:58  Overlord  
  91  7:05  Drone  
  91  7:07  Zerg Ground Armor Level 1  
  91  7:08  Drone  
  93  7:11  Drone  
  93  7:14  Drone  
  93  7:15  Drone x2  
  97  7:17  Drone  
  97  7:18  Drone  
  91  7:23  Drone  
  91  7:26  Roach  
  91  7:28  Roach x5  
  91  7:29  Extractor  
  99  7:32  Roach  
  99  7:33  Roach  
  103  7:38  Overlord  
  103  7:41  Roach  
  105  7:45  Roach  
  105  7:50  Roach x2  
  111  7:55  Roach  
  111  7:57  Overlord x2  
  111  7:58  Roach x3  
  119  8:01  Roach  
  119  8:02  Ravager  
  122  8:05  Overlord  
  122  8:14  Overlord x2  
  122  8:15  Roach  
  122  8:16  Roach x3  
  122  8:17  Ravager  
  122  8:18  Ravager x2  
  122  8:19  Roach  
  135  8:23  Roach  
  135  8:26  Roach x2  
  141  8:30  Roach x2  
  145  8:35  Roach x3  
  145  8:39  Drone  
  145  8:40  Roach x2  
  156  8:44  Roach x2  
  160  8:58  Roach x2  
  149  9:06  Roach x5  
  149  9:09  Roach x3  
  140  9:13  Roach x2  
  130  9:18  Roach  
  130  9:21  Ravager  
  133  9:41  Hatchery  
Tags
 
Add a new tag
Caveats
  • Supply blocks, unpowered buildings, or Contaminate may cause inaccurate times.
  • Supply counts are checked every 10 seconds.